 Dungeon Crawl Stone Soup version 0.21.1-1-g345015f (webtiles) character file.

28 shakethe the Ducker (level 2, -1/23 HPs)
             Began as a Demonspawn Gladiator on Feb 25, 2018.
             Slain by a hobgoblin
             ... wielding a +0 club
              (3 damage)
             ... on level 1 of the Dungeon.
             The game lasted 00:00:29 (778 turns).

shakethe the Ducker (Demonspawn Gladiator)           Turns: 778, Time: 00:00:30

Health: -1/23      AC:  4    Str: 14    XL:     2   Next: 96%
Magic:  2/2        EV: 13    Int:  9    God:
Gold:   28         SH:  0    Dex: 14    Spells: 1/1 levels left

rFire    . . .     SeeInvis .   a - +0 war axe
rCold    . . .     Gourm    .   (no shield)
rNeg     . . .     Faith    .   b - +0 leather armour
rPois    .         Spirit   .   c - +0 helmet
rElec    .         Reflect  .   (no cloak)
rCorr    .         Harm     .   (no gloves)
MR       .....                  (no boots)
Stlth    +.........             (no amulet)
HPRegen  0.07/turn              (no ring)
MPRegen  0.08/turn              (no ring)

@: no status effects
A: demonic guardian 1
a: no special abilities


You were on level 1 of the Dungeon.
You were not hungry.

You visited 1 branch of the dungeon, and saw 1 of its levels.

You collected 28 gold pieces.

Inventory:

Hand Weapons
 a - a +0 war axe (weapon)
Missiles
 d - 3 throwing nets {=f, !d}
Armour
 b - a +0 leather armour (worn)
 c - a +0 helmet (worn)
Scrolls
 e - 2 scrolls of identify {unknown}
 g - a scroll of enchant armour {unknown}
Comestibles
 f - a ration


   Skills:
 + Level 2.5 Fighting
 + Level 3.1 Axes
 - Level 1.7 Throwing
 + Level 3.1 Dodging


You had one spell level left.
You didn't know any spells.

Dungeon Overview and Level Annotations

Branches:
Dungeon (1/15)

Altars:


Innate Abilities, Weirdness & Mutations

A weak demonic guardian rushes to your aid.


Message History

You closely miss the giant cockroach. The giant cockroach barely misses you.
The giant cockroach bites you.
You take 1 damage, and have 22/23 hp.
You closely miss the giant cockroach. The giant cockroach closely misses you.
You closely miss the giant cockroach. The giant cockroach bites you.
The giant cockroach closely misses you.
You take 1 damage, and have 21/23 hp.
You barely miss the giant cockroach. The giant cockroach closely misses you.
The giant cockroach bites you.
You take 1 damage, and have 20/23 hp.
A giant cockroach is nearby!
You barely miss the giant cockroach.
The giant cockroach bites you but does no damage.
You hit the giant cockroach but do no damage.
The giant cockroach bites you. The giant cockroach misses you.
You take 1 damage, and have 19/23 hp.
You closely miss the giant cockroach. The giant cockroach bites you.
You take 1 damage, and have 18/23 hp.
You slash the giant cockroach!
You kill the giant cockroach!
No target in view!
No target in view!
No target in view!
No target in view!
No target in view!
No target in view!
No target in view!
You see here a giant cockroach corpse.
You see here a giant cockroach corpse.
A bat comes into view.
A kobold comes into view. It is wielding a dagger.
The kobold throws a stone.
The stone barely misses you.
Found a stone staircase leading down.
You see here a stone.
The bat hits you but does no damage. The bat completely misses you.
You hit the bat. The bat hits you.
The kobold throws a stone.
The stone hits you but does no damage. The bat misses you.
The bat barely misses you.
You slash the bat!
You kill the bat!
A frilled lizard comes into view.
You hit the kobold. The kobold closely misses you.
The kobold barely misses you.
You closely miss the kobold.
The frilled lizard hisses angrily.
The frilled lizard moves out of view.
The kobold hits you but does no damage.
You slash the kobold!
You kill the kobold!
A hobgoblin comes into view. It is wielding a club.
A dart slug comes into view.
The frilled lizard bites you.
You hit the frilled lizard.
You kill the frilled lizard!
A dart slug is nearby!
You take 2 damage, and have 16/23 hp.
The hobgoblin barely misses you.
You see here a frilled lizard corpse.
You hit the hobgoblin but do no damage. The hobgoblin completely misses you.
You barely miss the hobgoblin. The hobgoblin misses you.
The hobgoblin hits you with a club.
You take 4 damage, and have 12/23 hp.
You are too injured to fight recklessly!
You are too injured to fight recklessly!
You are too injured to fight recklessly!
You are too injured to fight recklessly!
You are too injured to fight recklessly!
You are too injured to fight recklessly!
You are too injured to fight recklessly!
You are too injured to fight recklessly!
You are too injured to fight recklessly!
You are too injured to fight recklessly!
You are too injured to fight recklessly!
You are too injured to fight recklessly!
There are monsters nearby!
You are too injured to fight recklessly!
Unknown command.
Your leather armour prevents you from hitting the dart slug.
You closely miss the hobgoblin. The dart slug launches a dart at you.
The slug dart hits you! The hobgoblin closely misses you.
You take 4 damage, and have 8/23 hp.
You hit the dart slug. You closely miss the hobgoblin.
The dart slug closely misses you. The hobgoblin misses you.
You hit the dart slug. You closely miss the hobgoblin.
The hobgoblin barely misses you. The dart slug barely misses you.
You hit the dart slug but do no damage. You hit the hobgoblin.
The hobgoblin hits you but does no damage.
The dart slug launches a dart at you. The slug dart hits you!
* * * LOW HITPOINT WARNING * * *
You take 4 damage, and have 4/23 hp.
You slash the dart slug!
You kill the dart slug!
You barely miss the hobgoblin.
The hobgoblin hits you but does no damage.
The hobgoblin hits you with a club.
* * * LOW HITPOINT WARNING * * *
You take 2 damage, and have 2/23 hp.
You closely miss the hobgoblin. The hobgoblin hits you with a club.
You die...

##. ## #####
##### ##
.##......
##...####
.......
#........ .
.....
#..⌠..... #
... ##.#.#
#........ #
.#..##....##
##...#### ##.
.......#...#
###'## ...
#.$@†..# .#
#..### ###
#..#g#.)##.#
##...## ...
#.# #.#...>.#
###... ### #
#.#(.#####
#### ..
#..(.....# #
###..##### #
#..##### #
#.#####...†..#
#
#........###.#
#


You could see a hobgoblin.

Vanquished Creatures
  An ooze (D:1)
  A dart slug (D:1)
  3 giant cockroaches (D:1)
  4 goblins (D:1)
  3 hobgoblins (D:1)
  2 kobolds (D:1)
  A bat (D:1)
  2 frilled lizards (D:1)
  2 rats (D:1)
19 creatures vanquished.

Notes
Turn   | Place    | Note
-------+----------+-------------------------------------------
     0 | D:1      | shakethe the Demonspawn Gladiator began the quest for the Orb.
     0 | D:1      | Reached XP level 1. HP: 16/16 MP: 1/1
   528 | D:1      | Gained mutation: A weak demonic guardian rushes to your aid. [demonic ancestry]
   528 | D:1      | Reached XP level 2. HP: 22/22 MP: 2/2
   591 | D:1      | Reached skill level 3 in Axes
   591 | D:1      | Reached skill level 3 in Dodging
   775 | D:1      | HP: 4/23 [dart slug/slug dart (4)]
   778 | D:1      | Slain by a hobgoblin

Skill      XL: |  1  2 |
---------------+-------+-----
Axes           | 3 |  3.1
Dodging        | 3 |  3.1
Fighting       | |  2.5
Throwing       | |  1.7

Action                   || total
-------------------------++-------
Melee: War axe           ||    62
Armor: Leather armour    ||    10
Dodge: Dodged            ||    47

Vault maps used:
D:1:      minmay_arrival_split_and_join

Table legend:
 A = Turns spent in this place as a percentage of turns spent in the entire game.
 B = Non-inter-level travel turns spent in this place as a percentage of non-inter-level travel turns spent in the entire game.
 C = Inter-level travel turns spent in this place as a percentage of turns spent in this place.
 D = Turns resting spent in this place as a percentage of non-inter-level travel turns spent in this place.
 E = Turns spent auto-exploring this place as a percentage of non-inter-level travel turns spent in this place.
 F = Non-inter-level travel turns spent in this place divided by the number of levels of this place that you've seen.
                   A       B       C       D       E      F
               +-------+-------+-------+-------+-------+----------------------
         Total | 100.0 | 100.0 |   0.0 |  41.9 |  43.6 | 778.0
       Dungeon | 100.0 | 100.0 |   0.0 |  41.9 |  43.6 | 778.0
               +-------+-------+-------+-------+-------+----------------------

Table legend:
 A = Kills in this place as a percentage of kills in entire the game.
 B = Kills by you in this place as a percentage of kills by you in the entire game.
 C = Kills by friends in this place as a percentage of kills by friends in the entire game.
 D = Other kills in this place as a percentage of other kills in the entire game.
 E = Experience gained in this place as a percentage of experience gained in the entire game.
 F = Experience gained in this place divided by the number of levels of this place that you have seen.
                   A       B       C       D       E      F
               +-------+-------+-------+-------+-------+----------------------
         Total | 100.0 | 100.0 |   N/A |   N/A | 100.0 |  40.0
       Dungeon | 100.0 | 100.0 |   N/A |   N/A | 100.0 |  40.0
               +-------+-------+-------+-------+-------+----------------------
